[Event "Team 45 45 League T74"]
[Site "Internet Chess Club"]
[Date "2017.10.15"]
[Round "5"]
[White "Ajolote"]
[Black "Yedixon"]
[Result "1-0"]
[WhiteElo "1796"]
[BlackElo "1689"]
[Opening "Petrov three knights game"]
[ECO "C42"]
[Time "19:10:37"]
[TimeControl "2700+45"]

1. e4 e5 2. Nf3 Nf6 3. Nc3 Bb4 4. d3 d6 5. Be2 O-O 6. Bg5 Bxc3+ 7. bxc3 Be6 8.
O-O Nbd7 9. c4 h6 10. Bh4 Re8 11. c3 Nf8 12. Rb1 b6 13. Qc2 Ng6 14. Bg3 Qc8 15.
d4 exd4 16. cxd4 Nxe4 17. Bd3 Nxg3 18. fxg3 Qa6 19. Rbe1 Nf8 20. d5 Bd7 21. Nd4
Rxe1 22. Rxe1 Re8 23. Rf1 Qc8 24. Qf2 Re7 25. Bf5 Bxf5 26. Nxf5 Rd7 27. Qd4 f6
28. Qe4 Qd8 29. Qg4 Kh8 30. Qh5 g6 31. Qxh6+ Rh7 32. Qf4 gxf5 33. Qxf5 Nd7 34.
Rf4 Qe7 35. Re4 Ne5 36. h3 Qf7 37. g4 Qg6 38. Rxe5 Qxf5 39. Re8+ Kg7 40. gxf5
Kh6 41. h4 Kh5 42. Kf2 Kxh4 43. Rg8 Kh5 44. Kf3 Kh6 45. Rg6+ Kh5 46. g4+ Kh4 47.
Rxf6 Kg5 48. Rg6+ Kh4 49. Kf4 a6 50. a4 Kh3 51. g5 Kg2 52. Rh6 Re7 53. f6 {Black
resigns} 1-0

[Event "Team 45 45 League T74"]
[Site "Internet Chess Club"]
[Date "2017.10.14"]
[Round "5"]
[White "calsal"]
[Black "fireball"]
[Result "1-0"]
[WhiteElo "1685"]
[BlackElo "1592"]
[Opening "French: Réti (Spielmann) variation"]
[ECO "C00"]
[Time "10:17:03"]
[TimeControl "2700+45"]

1. e4 e6 2. b3 d5 3. Bb2 dxe4 4. Nc3 f5 5. d3 exd3 6. Bxd3 Nf6 7. Qe2 Be7 8.
O-O-O Qd6 9. Bb5+ c6 10. Rxd6 Bxd6 11. Bc4 e5 12. Qd2 Ke7 13. Nf3 Rd8 14. Qg5 g6
15. Qh6 Rf8 16. Rd1 Ne8 17. Qxh7+ Kf6 18. Qh4+ Kg7 19. Rxd6 Nxd6 20. Qe7+ {Black
resigns} 1-0

[Event "Team 45 45 League T74"]
[Site "Internet Chess Club"]
[Date "2017.10.13"]
[Round "5"]
[White "Insan996"]
[Black "Chess4Him"]
[Result "1-0"]
[WhiteElo "1665"]
[BlackElo "1536"]
[Opening "Modern defense"]
[ECO "A40"]
[Time "20:41:12"]
[TimeControl "2700+45"]

1. d4 g6 2. c4 Bg7 3. Nc3 d6 4. Nf3 e5 5. dxe5 dxe5 6. Qxd8+ Kxd8 7. e4 f6 8.
Be2 Be6 9. O-O Nd7 10. Be3 c6 11. Rfd1 Kc8 12. Rd6 Bf7 13. Rad1 Be8 14. Na4 Kc7
15. a3 Nh6 16. h3 Nf7 17. R6d2 Bf8 18. Nh4 Nd6 19. Nc3 Rg8 20. b4 Be7 21. Nf3 h5
22. c5 Nf7 23. Bc4 Rd8 24. Be6 Rg7 25. h4 Nf8 26. Bh3 Rh7 27. Ne1 Rxd2 28. Rxd2
Nd8 29. Nd3 Nde6 30. g3 g5 31. Bf5 Rg7 32. hxg5 Nxg5 33. Kg2 h4 34. g4 h3+ 35.
Kg3 Nfh7 36. f4 Bh5 37. fxg5 Nxg5 38. Bxg5 Rxg5 39. Kxh3 Bf7 40. Rh2 Bc4 41. Nf2
Rg7 42. Kg3 b5 43. cxb6+ Kxb6 44. Rh8 Ba6 45. Bc8 Bc4 46. Nfd1 Rg8 47. Rxg8 Bxg8
48. Ne3 a5 49. bxa5+ Kxa5 50. Bd7 Kb6 51. a4 Kc7 52. Bf5 Kb6 53. Kh4 Bb4 54.
Ncd1 Ka5 55. Nb2 Bb3 56. Kh5 Bd2 57. Nec4+ Kb4 58. Nxd2 {Black resigns} 1-0

[Event "Team 45 45 League T74"]
[Site "Internet Chess Club"]
[Date "2017.10.14"]
[Round "5"]
[White "mongmong"]
[Black "nidusin2"]
[Result "1/2-1/2"]
[WhiteElo "1485"]
[BlackElo "1578"]
[Opening "Old Indian: main line"]
[ECO "A55"]
[Time "21:04:42"]
[TimeControl "2700+45"]

1. d4 d6 2. Nf3 Nf6 3. c4 Nbd7 4. Nc3 e5 5. e4 Be7 6. Be2 c6 7. O-O Qc7 8. Be3
Ng4 9. Bg5 Ngf6 10. Be3 O-O 11. h3 Re8 12. Qc2 Nf8 13. Rfd1 Ng6 14. Rac1 Bd7 15.
b4 a6 16. a3 Rac8 17. Qb1 Qb8 18. d5 cxd5 19. Nxd5 Nxd5 20. cxd5 b5 21. Rxc8
Rxc8 22. Rc1 h6 23. Rxc8+ Qxc8 24. Qc1 Nf4 25. Qxc8+ Bxc8 26. Bxf4 exf4 27. Nd2
Bf6 28. Nb1 Be5 29. f3 Kf8 30. Kf2 Ke7 31. Ke1 f5 32. Bd3 g6 33. Kd2 Kf6 34. Kc2
Kg5 35. Nd2 Kh4 36. Nf1 Kg5 37. Kb3 Bd7 38. Kc2 Bd4 39. Nd2 Kh4 40. Nf1 Kg5 41.
Nd2 h5 42. Nf1 h4 43. Nd2 Kf6 44. Nb3 Bb6 45. Kc3 Ke5 46. Nc1 Bd4+ 47. Kc2 fxe4
48. Bxe4 Bf5 49. Nd3+ Kf6 50. Nxf4 g5 51. Nd3 Bd7 52. Nc1 Ke5 53. Nd3+ Kf6 54.
Nc1 Ke5 55. Nd3+ Kf6 56. Nc1 {Game drawn by repetition} 1/2-1/2

[Event "Team 45 45 League T74"]
[Site "Internet Chess Club"]
[Date "2017.10.14"]
[Round "5"]
[White "Arthurhon"]
[Black "ascoli"]
[Result "0-1"]
[WhiteElo "1513"]
[BlackElo "1697"]
[Opening "King's Indian, 3.Nf3"]
[ECO "E60"]
[Time "05:00:22"]
[TimeControl "2700+45"]

1. d4 Nf6 2. Nf3 g6 3. c4 Bg7 4. e3 O-O 5. Be2 d6 6. O-O Nbd7 7. Nbd2 e5 8. Qc2
Re8 9. b3 exd4 10. Nxd4 c5 11. N4f3 d5 12. cxd5 Nxd5 13. Bb2 Qe7 14. Bxg7 Kxg7
15. Bc4 N7f6 16. Rad1 Kg8 17. Rfe1 Bf5 18. Qb2 Nb4 19. a3 Nd3 20. Bxd3 Bxd3 21.
Qc3 Rad8 22. Nc4 Ne4 23. Qc1 Qe6 24. Nce5 Qxb3 25. Nxd3 Rxd3 26. Rxd3 Qxd3 27.
Rd1 Qb5 28. Nd2 Nf6 29. Qc3 Qc6 30. Nb3 b6 31. f3 Nd5 32. Qd2 Nxe3 33. Re1 Nc4
34. Rxe8+ Qxe8 35. Qc3 Nxa3 36. Nxc5 bxc5 {White resigns} 0-1

[Event "Team 45 45 League T74"]
[Site "Internet Chess Club"]
[Date "2017.10.16"]
[Round "5"]
[White "Portola"]
[Black "krysto"]
[Result "1-0"]
[WhiteElo "1743"]
[BlackElo "1577"]
[Opening "Queen's pawn: Torre attack"]
[ECO "A46"]
[Time "19:00:31"]
[TimeControl "2700+45"]

1. d4 Nf6 2. Nf3 e6 3. Bg5 Be7 4. e3 d5 5. Nbd2 c5 6. c3 Nc6 7. Bd3 h6 8. Bh4
Qc7 9. Bg3 Qb6 10. Qb3 Qxb3 11. axb3 a6 12. O-O O-O 13. h3 b5 14. Bxb5 Bb7 15.
Bd3 cxd4 16. exd4 a5 17. Rfe1 Ba6 18. Bxa6 Rxa6 19. Ne5 Nxe5 20. Bxe5 Nd7 21.
Bg3 Rfa8 22. Reb1 Nb8 23. Kf1 Nc6 24. Ke2 g6 25. Kd3 Kf8 26. Kc2 Ke8 27. Ra4 Na7
28. b4 Nb5 29. bxa5 Rxa5 30. Rxa5 Rxa5 31. Nb3 Ra2 32. Kc1 Bg5+ 33. f4 Be7 34.
Be1 g5 35. g3 Bd6 36. Bd2 f6 37. Ra1 Rxa1+ 38. Nxa1 gxf4 39. gxf4 f5 40. Kd1 Bc7
41. Ke2 Nd6 42. Kf3 h5 43. Nc2 Ne4 44. Be1 Ke7 45. Nb4 Kd6 46. Nd3 Kc6 47. Nf2
Nf6 48. Nd1 Kb5 49. b3 Ne4 50. Nf2 Nf6 51. Nd3 Kc6 52. Nc5 Kd6 53. Bh4 Ne8 54.
Bg5 Bb6 55. b4 Ng7 56. Kg3 Bc7 57. Bf6 Ne8 58. Be5+ Ke7 59. Kh4 Bxe5 60. dxe5
Nc7 61. Kxh5 Kf7 62. Kg5 Nb5 63. Na4 {Black resigns} 1-0

[Event "Team 45 45 League T74"]
[Site "Internet Chess Club"]
[Date "2017.10.14"]
[Round "5"]
[White "scostanzo212"]
[Black "bayoumicardio10"]
[Result "0-1"]
[WhiteElo "1485"]
[BlackElo "1494"]
[Opening "Benkö gambit half accepted"]
[ECO "A57"]
[Time "16:01:58"]
[TimeControl "2700+45"]

1. d4 Nf6 2. c4 c5 3. d5 b5 4. cxb5 a6 5. e3 g6 6. b3 d6 7. Bb2 Bg7 8. Nf3 O-O
9. Be2 axb5 10. Bxb5 Qa5+ 11. Nc3 Ne4 12. O-O Bxc3 13. Bxc3 Nxc3 14. Qd3 Nxb5
{White resigns} 0-1

[Event "Team 45 45 League T74"]
[Site "Internet Chess Club"]
[Date "2017.10.14"]
[Round "5"]
[White "LookImYourVader"]
[Black "Ksadury"]
[Result "1/2-1/2"]
[WhiteElo "1776"]
[BlackElo "1590"]
[Opening "Sicilian"]
[ECO "B50"]
[Time "15:30:36"]
[TimeControl "2700+45"]

1. e4 c5 2. Nf3 d6 3. c3 Nf6 4. Be2 Nc6 5. d4 cxd4 6. cxd4 e6 7. Nc3 d5 8. exd5
exd5 9. O-O Be7 10. Qb3 O-O 11. Bg5 h6 12. Bh4 Be6 13. Qxb7 Rc8 14. Ba6 Rb8 15.
Bxf6 Rxb7 16. Bxb7 Bxf6 17. Bxc6 Qd6 18. Bb5 Rb8 19. h3 Qb4 20. Bc6 Bxd4 21.
Nxd4 Qxd4 22. Rfd1 Qb6 23. Bxd5 Bxd5 24. Rxd5 {Game drawn by mutual agreement}
1/2-1/2

[Event "Team 45 45 League T74"]
[Site "Internet Chess Club"]
[Date "2017.10.15"]
[Round "5"]
[White "moodle"]
[Black "ColourfulChess"]
[Result "0-1"]
[WhiteElo "1510"]
[BlackElo "1677"]
[Opening "Four knights: symmetrical, Metger unpin"]
[ECO "C49"]
[Time "11:01:17"]
[TimeControl "2700+45"]

1. e4 e5 2. Nf3 Nc6 3. Nc3 Nf6 4. Bb5 Bb4 5. O-O O-O 6. d3 Bxc3 7. bxc3 d6 8.
Bg5 Qe7 9. Re1 a6 10. Bc4 h6 11. Bh4 Na5 12. Bb3 g5 13. Bg3 Bg4 14. h3 Bh5 15.
Qe2 b5 16. Qe3 Nd7 17. d4 Kg7 18. Rad1 Nxb3 19. cxb3 f5 20. dxe5 f4 21. Qd3 fxg3
22. fxg3 Bxf3 23. gxf3 Nxe5 24. Qd4 c5 25. Qe3 Rxf3 26. Qe2 Rxg3+ 27. Kh1 Rxh3+
28. Kg2 g4 29. Rh1 Qh4 30. Rdf1 Qg3# {White checkmated} 0-1

[Event "Team 45 45 League T74"]
[Site "Internet Chess Club"]
[Date "2017.10.15"]
[Round "5"]
[White "a-man"]
[Black "EFXBT"]
[Result "1-0"]
[WhiteElo "1673"]
[BlackElo "1512"]
[Opening "Queen's gambit declined"]
[ECO "D30"]
[Time "19:00:58"]
[TimeControl "2700+45"]

1. d4 d5 2. c4 e6 3. Nf3 Nf6 4. g3 Bb4+ 5. Bd2 Nc6 6. Bxb4 Nxb4 7. Bg2 O-O 8.
O-O Re8 9. Qa4 Nc6 10. Nc3 dxc4 11. Qxc4 e5 12. d5 Ne7 13. Rad1 b6 14. Nxe5 Bb7
15. d6 Bxg2 16. Nxf7 Qb8 17. Nh6+ Kh8 18. Qg8+ Nexg8 19. Nf7# {Black checkmated}
1-0

[Event "Team 45 45 League T74"]
[Site "Internet Chess Club"]
[Date "2017.10.11"]
[Round "5"]
[White "isaacdp"]
[Black "RonaldoR"]
[Result "0-1"]
[WhiteElo "1473"]
[BlackElo "1618"]
[Opening "QGD: Chigorin defense"]
[ECO "D07"]
[Time "20:00:48"]
[TimeControl "2700+45"]

1. d4 d5 2. c4 Nc6 3. Nf3 Bg4 4. cxd5 Bxf3 5. gxf3 Qxd5 6. e3 e5 7. Nc3 Bb4 8.
Bd2 Bxc3 9. bxc3 Qd6 10. Qb3 b6 11. d5 Nb8 12. e4 Nd7 13. Bb5 Nf6 14. Bc6 Rb8
15. Rg1 O-O 16. Bxd7 Nxd7 17. c4 Qf6 18. Qe3 Kh8 19. Qg5 Qxg5 20. Bxg5 f6 21.
Be3 Nc5 22. Kd2 Kg8 23. Rab1 Kf7 24. Kc3 g6 25. Bxc5 bxc5 26. Rb5 Rxb5 27. cxb5
Ke7 28. Kc4 Kd6 29. Rg3 Rf7 30. a4 Re7 31. Rh3 Rf7 32. Kd3 Re7 33. Rh6 Rg7 34.
h4 Rf7 35. h5 g5 36. Kc4 Ke7 37. Kxc5 Kf8 38. d6 cxd6+ 39. Kxd6 Kg7 40. Kc6 Kxh6
41. a5 Kxh5 42. b6 axb6 43. axb6 Kg6 44. b7 Rxb7 45. Kxb7 h5 46. f4 gxf4 {White
resigns} 0-1

[Event "Team 45 45 League T74"]
[Site "Internet Chess Club"]
[Date "2017.10.11"]
[Round "5"]
[White "Constrictor"]
[Black "idjit"]
[Result "1/2-1/2"]
[WhiteElo "1517"]
[BlackElo "1627"]
[Opening "Réti opening"]
[ECO "A05"]
[Time "20:12:56"]
[TimeControl "2700+45"]

1. Nf3 Nf6 2. b4 e6 3. b5 d5 4. e3 Bd7 5. Bb2 a6 6. a4 axb5 7. axb5 Rxa1 8. Bxa1
c6 9. bxc6 bxc6 10. Bd3 Bd6 11. O-O Qc7 12. h3 e5 13. Be2 e4 14. Nd4 Qc8 15. f4
exf3 16. Rxf3 Ne4 17. d3 Ng3 18. Qe1 Nxe2+ 19. Nxe2 O-O 20. Nf4 Na6 21. Qh4 f6
22. Nh5 Qe8 23. Bxf6 gxf6 24. Nxf6+ Rxf6 25. Qxf6 Qg6 26. Qd8+ Qe8 27. Qf6 Qg6
28. Qd8+ {Game drawn by mutual agreement} 1/2-1/2

[Event "Team 45 45 League T74"]
[Site "Internet Chess Club"]
[Date "2017.10.14"]
[Round "5"]
[White "noblitz-oblige"]
[Black "stanbeers"]
[Result "1-0"]
[WhiteElo "1450"]
[BlackElo "1323"]
[Opening "Philidor: Improved Hanham variation"]
[ECO "B07"]
[Time "20:01:21"]
[TimeControl "2700+45"]

1. e4 d6 2. d4 Nd7 3. Nf3 Ngf6 4. Nc3 e5 5. Bc4 h6 6. O-O Be7 7. Re1 c6 8. d5
O-O 9. dxc6 bxc6 10. a3 Qc7 11. Nh4 Nc5 12. Ng6 Re8 13. Qf3 Ne6 14. Nxe7+ Rxe7
15. Bxh6 Nh7 16. Qg3 g6 17. h4 Ng7 18. Qxg6 Kf8 19. Qxg7+ Ke8 20. Qxh7 Be6 21.
Qg8+ Kd7 22. Bxe6+ fxe6 23. Qxa8 Re8 24. Qxe8+ Kxe8 25. Re3 Qh7 26. Bg5 Qb7 27.
Rd1 d5 28. exd5 cxd5 29. Rxe5 Kd7 30. Nxd5 exd5 31. Re7+ Kc6 32. Rxb7 Kxb7 33.
Rxd5 {Black resigns} 1-0

[Event "Team 45 45 League T74"]
[Site "Internet Chess Club"]
[Date "2017.10.14"]
[Round "5"]
[White "rkaebi"]
[Black "Just-Jim"]
[Result "1-0"]
[WhiteElo "1448"]
[BlackElo "1325"]
[Opening "KP: Nimzovich defense"]
[ECO "B00"]
[Time "13:01:20"]
[TimeControl "2700+45"]

1. e4 Nc6 2. d4 e6 3. c4 Nf6 4. Nc3 Bb4 5. Bg5 d6 6. Nf3 h6 7. Bxf6 Qxf6 8. a3
Bxc3+ 9. bxc3 O-O 10. Be2 Qf4 11. Qd3 f5 12. exf5 e5 13. dxe5 dxe5 14. Qd5+ Kh8
15. O-O Rd8 16. Qc5 Bxf5 17. Rad1 e4 18. g3 Qg4 19. Nd4 Qg6 20. Qxf5 Qxf5 21.
Nxf5 Rg8 22. Rd7 Rac8 23. Ne7 Nxe7 24. Rxe7 Rgd8 25. Rd1 Rxd1+ 26. Bxd1 Rd8 27.
Bc2 Kg8 28. Rxc7 Rd2 29. Bxe4 Rd1+ 30. Kg2 Rc1 31. Bd5+ Kh7 32. Be4+ Kg8 33.
Bd5+ Kh7 34. Rxb7 Rxc3 35. Rxa7 Rb3 36. a4 Rb4 37. a5 Ra4 38. a6 Kh8 39. Ra8+
Kh7 40. Be4+ g6 41. Bd5 h5 42. a7 Kg7 43. Rg8+ Kh7 44. a8=Q Rxa8 45. Rxa8 Kh6
46. c5 Kg5 47. h4+ Kf5 48. c6 {Black resigns} 1-0

[Event "Team 45 45 League T74"]
[Site "Internet Chess Club"]
[Date "2017.10.13"]
[Round "5"]
[White "kingsrook"]
[Black "dabodhi"]
[Result "0-1"]
[WhiteElo "1183"]
[BlackElo "1348"]
[Opening "QGD: Charousek (Petrosian) variation"]
[ECO "D31"]
[Time "16:02:03"]
[TimeControl "2700+45"]

1. d4 d5 2. c4 e6 3. Nc3 Be7 4. cxd5 exd5 5. Bf4 c6 6. Qc2 Nf6 7. e3 O-O 8. Bd3
Bg4 9. Nge2 Re8 10. O-O Bd6 11. h3 Bh5 12. Ng3 Bg6 13. Bxd6 Qxd6 14. Nf5 Bxf5
15. Bxf5 g6 16. Bd3 Nbd7 17. Rac1 b5 18. a3 a6 19. Ne2 Nh5 20. Qxc6 Qxc6 21.
Rxc6 Rec8 22. Rd6 Ndf6 23. g4 Ne4 24. Rxd5 Nhf6 25. Re5 Nd2 26. Rc5 Nxf1 27.
Kxf1 Rxc5 28. dxc5 Rd8 29. Nd4 Nd7 30. c6 Nc5 31. Bc2 Ne6 32. Nf3 Rd5 33. Nd4
Nxd4 34. exd4 Rxd4 {White forfeits on time} 0-1

[Event "Team 45 45 League T74"]
[Site "Internet Chess Club"]
[Date "2017.10.15"]
[Round "5"]
[White "RD1974"]
[Black "kabindra"]
[Result "1-0"]
[WhiteElo "1643"]
[BlackElo "1691"]
[Opening "Two knights defense (Modern bishop's opening)"]
[ECO "C24"]
[Time "17:31:52"]
[TimeControl "2700+45"]

1. e4 e5 2. Bc4 Nf6 3. d3 Nc6 4. Nf3 Be7 5. c3 O-O 6. O-O d5 7. exd5 Nxd5 8.
Nbd2 Be6 9. Bb5 Nf4 10. Ne4 Ng6 11. Bxc6 bxc6 12. Bg5 f6 13. Be3 Nf4 14. d4 Bc4
15. Re1 f5 16. Qa4 Bd5 17. Bxf4 fxe4 18. Nxe5 Rxf4 19. Nxc6 Bxc6 20. Qxc6 Bd6
21. Rxe4 Rf6 22. Qc4+ Kh8 23. Rae1 Qf8 24. Qe2 Qf7 25. b3 Rf8 26. Rf1 h6 27. c4
c5 28. d5 Qc7 29. h3 Bh2+ 30. Kh1 Bg3 31. f3 Bh4 32. Rxh4 g5 33. Re4 Qf7 34. Re7
Qh5 35. Qe4 R6f7 36. d6 Rd8 37. Qe5+ Kg8 38. Re8+ Rf8 39. Rxf8+ Rxf8 40. Qe6+
Kg7 41. Qe5+ Kg8 42. Qxc5 Qg6 43. d7 Qf6 44. Qxa7 h5 45. Rd1 Rd8 46. Qe3 g4 47.
fxg4 hxg4 48. Qg3 Kh8 49. Qxg4 Rg8 50. Qh5+ Kg7 51. Qf3 Qe7 52. Qd5 Rd8 53. c5
Qe2 54. c6 {Black resigns} 1-0

[Event "Team 45 45 League T74"]
[Site "Internet Chess Club"]
[Date "2017.10.13"]
[Round "5"]
[White "Andaluz"]
[Black "RonaldoR"]
[Result "1/2-1/2"]
[WhiteElo "1292"]
[BlackElo "1606"]
[Opening "Ruy Lopez: closed defense"]
[ECO "C84"]
[Time "15:00:40"]
[TimeControl "2700+45"]

1. e4 e5 2. Nf3 Nc6 3. Bb5 a6 4. Ba4 Nf6 5. O-O Be7 6. Nc3 b5 7. Bb3 d6 8. a3
O-O 9. h3 Na5 10. Ba2 c5 11. Re1 Nc6 12. Nd5 Bb7 13. d3 h6 14. c3 Rb8 15. b4
cxb4 16. cxb4 Na7 17. Nxf6+ Bxf6 18. Be3 Nc8 19. Rc1 Ne7 20. Re2 Qd7 21. Rec2
Rbc8 22. Bb3 Rxc2 23. Rxc2 Rc8 24. Qd2 Rxc2 25. Qxc2 Qc6 26. Qxc6 Bxc6 27. Bc2
{Game drawn by mutual agreement} 1/2-1/2

[Event "Team 45 45 League T74"]
[Site "Internet Chess Club"]
[Date "2017.10.16"]
[Round "5"]
[White "OGO"]
[Black "olivermx"]
[Result "1-0"]
[WhiteElo "1393"]
[BlackElo "1305"]
[Opening "QGD Slav defense"]
[ECO "D10"]
[Time "21:46:11"]
[TimeControl "2700+45"]

1. d4 d5 2. c4 c6 3. Nc3 Nf6 4. e3 Bf5 5. Bd3 Bxd3 6. Qxd3 e6 7. c5 Be7 8. Nf3
O-O 9. O-O Nbd7 10. b4 Qc7 11. Bb2 e5 12. dxe5 Nxe5 13. Nxe5 Qxe5 14. Rab1 Qc7
15. Ne2 b6 16. Bd4 b5 17. Ng3 Ng4 18. Qf5 Qc8 19. Qf4 Qd7 20. Rbe1 Bf6 21. h3
Bxd4 22. exd4 Nf6 23. Re5 Rfe8 24. Rfe1 Rxe5 25. Rxe5 Re8 26. Rxe8+ Qxe8 27. Qc7
Qd7 28. Qb8+ Ne8 29. Kf1 g6 30. Qe5 Qe6 31. f4 Qxe5 32. fxe5 Nc7 33. Ke2 Ne6 34.
Ke3 h5 35. h4 Kf8 36. Ne2 Ke7 37. Nf4 Nxf4 38. Kxf4 Ke6 39. Kg5 Ke7 40. a3 Ke6
41. Kh6 a6 42. g3 Kd7 43. Kh7 Ke6 44. Kg8 Ke7 45. Kg7 Ke8 46. Kf6 Kf8 47. e6
fxe6 48. Kxe6 {Black resigns} 1-0

[Event "Team 45 45 League T74"]
[Site "Internet Chess Club"]
[Date "2017.10.13"]
[Round "5"]
[White "kabubi"]
[Black "oldprez1"]
[Result "0-1"]
[WhiteElo "1160"]
[BlackElo "1104"]
[Opening "Caro-Kann: classical variation"]
[ECO "B18"]
[Time "21:00:20"]
[TimeControl "2700+45"]

1. e4 c6 2. d4 d5 3. Nc3 dxe4 4. Nxe4 Bf5 5. Bd3 Bxe4 6. Bxe4 Nf6 7. f3 Nxe4 8.
fxe4 e6 9. Nf3 Be7 10. O-O O-O 11. Bf4 Nd7 12. Qe1 b5 13. c3 a5 14. Qe2 Nb6 15.
Ne5 Qc8 16. Qg4 Kh8 17. Rf3 Nd7 18. Rg3 g6 19. Bh6 Nxe5 20. dxe5 Rg8 21. Rf1 Bf8
22. Rxf7 Bxh6 23. Qh4 Rg7 24. Rgf3 Rxf7 25. Rxf7 Qg8 {White resigns} 0-1

[Event "Team 45 45 League T74"]
[Site "Internet Chess Club"]
[Date "2017.10.14"]
[Round "5"]
[White "MasterD"]
[Black "crazyhorses"]
[Result "1-0"]
[WhiteElo "1466"]
[BlackElo "1431"]
[Opening "Sicilian: Grand Prix attack"]
[ECO "B23"]
[Time "15:04:48"]
[TimeControl "2700+45"]

1. e4 c5 2. Nc3 Nc6 3. f4 e6 4. Bb5 d5 5. Bxc6+ bxc6 6. e5 Nh6 7. d3 Rb8 8. Nf3
Bb7 9. h3 Nf5 10. g4 Nh4 11. Qe2 Nxf3+ 12. Qxf3 Ba8 13. f5 d4 14. Ne4 Qd5 15.
O-O Be7 16. f6 gxf6 17. Nxf6+ Bxf6 18. Qxf6 Rf8 19. Bh6 {Black resigns} 1-0

[Event "Team 45 45 League T74"]
[Site "Internet Chess Club"]
[Date "2017.10.13"]
[Round "5"]
[White "limeinthecoke"]
[Black "KnightmanAJ"]
[Result "1-0"]
[WhiteElo "1553"]
[BlackElo "1477"]
[Opening "English: Sicilian reversed"]
[ECO "A25"]
[Time "18:01:02"]
[TimeControl "2700+45"]

1. c4 e5 2. Nc3 Nc6 3. e3 f5 4. d4 Bb4 5. Ne2 Nf6 6. a3 Bxc3+ 7. Nxc3 O-O 8. Be2
d6 9. O-O b6 10. f4 exd4 11. exd4 d5 12. Nxd5 Nxd5 13. cxd5 Qxd5 14. Bf3 Qd7 15.
b4 Rb8 16. Bb2 Rd8 17. Re1 Nxd4 18. Qxd4 Qxd4+ 19. Bxd4 Rxd4 20. Re8+ Kf7 21.
Rae1 Kg6 22. R1e7 Rd7 23. Rxd7 {Black resigns} 1-0

[Event "Team 45 45 League T74"]
[Site "Internet Chess Club"]
[Date "2017.10.15"]
[Round "5"]
[White "bazarov"]
[Black "Pawnchain"]
[Result "0-1"]
[WhiteElo "1106"]
[BlackElo "1478"]
[Opening "English: Bremen, reverse dragon"]
[ECO "A22"]
[Time "18:00:33"]
[TimeControl "2700+45"]

1. c4 e5 2. Nc3 Nf6 3. g3 d5 4. cxd5 Nxd5 5. Nf3 Nc6 6. Bg2 Nb6 7. O-O Be7 8. d3
O-O 9. Bd2 a5 10. Na4 Be6 11. Nxb6 cxb6 12. Bc3 f6 13. a3 Qd7 14. Qd2 Nd4 15.
Ne1 Nb3 16. Qd1 Nxa1 17. Qxa1 Bd5 18. Bf3 b5 19. e4 Bb3 20. Ng2 Qxd3 21. Bd1
Bxd1 22. Qxd1 Qxd1 23. Rxd1 b4 24. axb4 axb4 25. Be1 Ra2 26. Rb1 Bc5 27. Bd2 Rd8
28. Bc1 Rd1+ 29. Ne1 Rxe1+ 30. Kg2 Re2 31. Kf3 Rxf2+ 32. Kg4 Rxh2 33. b3 h5+ 34.
Kf5 Kf7 {White resigns} 0-1

[Event "Team 45 45 League T74"]
[Site "Internet Chess Club"]
[Date "2017.10.13"]
[Round "5"]
[White "QuimCatala"]
[Black "vedv"]
[Result "1-0"]
[WhiteElo "1272"]
[BlackElo "975"]
[Opening "Two knights defense"]
[ECO "C57"]
[Time "14:00:20"]
[TimeControl "2700+45"]

1. e4 e5 2. Nf3 Nc6 3. Bc4 Nf6 4. Ng5 d5 5. Nxf7 Kxf7 6. exd5 Nxd5 7. Qf3+ Ke8
8. Bxd5 Ne7 9. Qf7+ Kd7 10. Be6+ Kd6 11. Bb3 Bf5 12. d3 Bg6 13. Qe6+ Kc5 14.
Be3+ Kb5 15. Qc4+ Ka5 16. Qa4# {Black checkmated} 1-0

[Event "Team 45 45 League T74"]
[Site "Internet Chess Club"]
[Date "2017.10.15"]
[Round "5"]
[White "rubo"]
[Black "bayoumicardio10"]
[Result "0-1"]
[WhiteElo "1555"]
[BlackElo "1534"]
[Opening "King's Indian: London system"]
[ECO "A48"]
[Time "17:03:02"]
[TimeControl "2700+45"]

1. d4 Nf6 2. Nf3 g6 3. Bf4 Bg7 4. e3 d6 5. h3 O-O 6. Be2 Nbd7 7. O-O Nh5 8. Bh2
e5 9. g4 e4 10. gxh5 exf3 11. Bxf3 Qg5+ 12. Bg3 Nf6 13. Kh2 Nxh5 14. Bxh5 gxh5
15. Qf3 Qf5 16. Qxf5 Bxf5 17. c3 Rfe8 18. Nd2 Re6 19. Rg1 Kf8 20. Nf3 Bf6 21.
Bh4 Bxh4 22. Nxh4 Bg6 23. Rg3 Re4 24. Ng2 Kg7 25. f4 Kh6 26. Rf1 f6 27. f5 Bf7
28. a3 Rae8 29. Rf4 Bd5 30. Rh4 Rxh4 31. Nxh4 Be4 32. Kg1 c5 33. Kf2 cxd4 34.
exd4 d5 35. Rg1 Re7 36. Rg3 Rg7 37. Rxg7 Kxg7 38. Ng2 Kh6 39. h4 Bxf5 40. Nf4
Be4 41. a4 b6 42. Ke3 f5 43. b4 a5 44. bxa5 bxa5 45. Ne6 Bc2 46. Nc5 Kg6 47. Kf4
Kf6 48. Nb7 Bxa4 49. Nxa5 Bb5 50. Nb3 h6 51. Nd2 Be2 52. Nb3 Bb5 53. Nc5 Bc6 54.
Nd3 Bd7 55. Ke3 Be6 56. Nf4 Bf7 57. Kf2 Ke7 58. Kg3 Kd6 59. Ng2 Ke7 60. Kf4 Kf6
61. Ne3 Be6 62. Nf1 Bf7 63. Ng3 Bg6 64. Nf1 Bf7 65. Ne3 Be6 66. c4 dxc4 67. d5
Bf7 68. d6 Be6 69. d7 Ke7 70. Ke5 Kxd7 71. Kd4 Kd6 72. Ng2 c3 73. Kxc3 Ke5 74.
Kd3 f4 75. Ke2 Bd5 76. Kf2 Bxg2 77. Kxg2 Ke4 78. Kf2 f3 79. Kf1 Kf4 80. Kg1 Kg3
81. Kf1 f2 82. Ke2 Kg2 {White resigns} 0-1

[Event "Team 45 45 League T74"]
[Site "Internet Chess Club"]
[Date "2017.10.16"]
[Round "5"]
[White "tuantuan"]
[Black "nosir"]
[Result "1-0"]
[WhiteElo "1516"]
[BlackElo "1415"]
[Opening "Old Indian defense"]
[ECO "A42"]
[Time "19:03:27"]
[TimeControl "2700+45"]

1. d4 d6 2. c4 g6 3. Nf3 Bg7 4. Nc3 c6 5. e3 Bg4 6. Be2 Nf6 7. Bd2 O-O 8. O-O
Nbd7 9. h3 Bxf3 10. Bxf3 e6 11. e4 Rc8 12. Bg5 Qc7 13. Rc1 a6 14. Re1 Rfe8 15.
Qe2 e5 16. d5 h6 17. Bh4 Rf8 18. b4 b5 19. cxb5 c5 20. bxc5 Nxc5 21. bxa6 Qd8
22. a7 Qa5 23. Nb5 Rfd8 24. Bxf6 Bxf6 25. Bg4 Ra8 26. Rc3 Nxe4 27. Ra3 Qb6 28.
Qxe4 Qxb5 29. Rb1 Qe8 30. Rb7 Bg7 31. Rg3 Qf8 32. Be6 fxe6 33. Qxg6 Kh8 34. Rxg7
Qf5 35. Qxh6+ {Black resigns} 1-0

[Event "Team 45 45 League T74"]
[Site "Internet Chess Club"]
[Date "2017.10.21"]
[Round "5"]
[White "zethhon"]
[Black "grekor"]
[Result "1-0"]
[WhiteElo "1410"]
[BlackElo "1093"]
[Opening "Queen's pawn game"]
[ECO "D02"]
[Time "21:01:00"]
[TimeControl "2700+45"]

1. d4 d5 2. Nf3 Bg4 3. Bf4 Nc6 4. e3 Nf6 5. c4 e6 6. Nc3 Ne4 7. cxd5 exd5 8. Bd3
f5 9. h3 Bh5 10. Be2 Bb4 11. Qb3 Nf6 12. O-O Bd6 13. Qxb7 Ne7 14. Bxd6 cxd6 15.
Bb5+ Kf8 16. Ng5 Rb8 17. Ne6+ Kf7 18. Nxd8+ Kg6 19. Qxb8 Neg8 20. Qxd6 Nh6 21.
Qg3+ Nfg4 22. hxg4 Bxg4 23. f3 Rxd8 24. fxg4 Nxg4 25. Bd3 Re8 26. Qxg4+ Kf6 27.
Qxf5+ Ke7 28. Qe5+ Kd7 29. Qxd5+ Kc7 30. Rf7+ Kc8 31. Qa8# {Black checkmated}
1-0